 Dungeon Crawl Stone Soup version 0.20-a0-553-g9f38e11 (webtiles) character file.

34 Asddderdsw the Digger (level 3, -1/40 HPs)
             Began as a Demigod Earth Elementalist on Feb 3, 2017.
             Slain by an adder (2 damage)
             ... on level 1 of the Dungeon.
             The game lasted 00:05:55 (1199 turns).

Asddderdsw the Digger (Demigod Earth Elementalist)  Turns: 1199, Time: 00:05:55

Health: -1/40      AC: 21    Str: 11    XL:     3   Next: 1%
Magic:  0/8        EV:  2    Int: 21    God:
Gold:   69         SH:  0    Dex: 16    Spells: 0/6 levels left

rFire    . . .     SeeInvis .   o - +0 whip
rCold    . . .     Gourm    .   (armour currently unavailable)
rNeg     + + +     Faith    .   (no shield)
rPois    +         Spirit   .   (helmet currently unavailable)
rElec    .         Reflect  .   (cloak currently unavailable)
rCorr    .         Harm     .   (gloves currently unavailable)
MR       .....     NoTele   +   (boots currently unavailable)
Stlth    +++.......             (no amulet)
Regen    0.2/turn               l - ring of positive energy
                                h - ring of stealth

@: lethally poisoned (-1 -> -6), tree-form
A: high mp 1
a: no special abilities


You were on level 1 of the Dungeon.
You were not hungry.
You were a tree.
You visited 1 branch of the dungeon, and saw 2 of its levels.

You collected 69 gold pieces.

Inventory:

Hand Weapons
 o - a +0 whip (weapon)
Missiles
 b - 45 stones (quivered)
Armour
 c - a +0 robe (melded)
Jewellery
 h - a ring of stealth (left branch)
 l - a ring of positive energy (right branch)
Scrolls
 a - a scroll of recharging {unknown}
 f - a scroll of immolation {unknown}
 i - a scroll of remove curse {unknown}
 j - 2 scrolls of teleportation {unknown}
 n - a scroll of noise {unknown}
 p - a scroll of fog {unknown}
Potions
 m - a potion of ambrosia {unknown}
Books
 e - a book of Geomancy

   Spells                             Type                      Level
   a - Sandblast                      Earth                        1
   b - Passwall                       Transmutation/Earth          2
   c - Stone Arrow                    Conjuration/Earth            3
   d - Petrify                        Transmutation/Earth          4
   e - Lee's Rapid Deconstruction     Earth                        5
Comestibles
 d - 2 bread rations
 g - a chunk of flesh


   Skills:
 * Level 0.5 Fighting
 + Level 2.2 Dodging
 + Level 2.1 Stealth
 + Level 2.0 Spellcasting
 + Level 0.8 Transmutations
 + Level 3.1 Earth Magic


You couldn't memorise any spells.
You knew the following spells:

 Your Spells              Type           Power        Failure   Level  Hunger
a - Sandblast             Erth           ###...       4%          1    #......
b - Passwall              Tmut/Erth      ##........   12%         2    ##.....
c - Stone Arrow           Conj/Erth      #.....       24%         3    ###....


Dungeon Overview and Level Annotations

Branches:
Dungeon (2/15)


Innate Abilities, Weirdness & Mutations

You have an increased reservoir of magic. (+10% MP)


Message History

Confirm with . or Enter, or press ? or * to list all spells.
Aiming: Sandblast
Press: ? - help, Shift-Dir - straight line, f/p - adder
Aim: an adder (severely wounded)
The blast of sand misses the adder.
b - 45 stones The adder bites you.
You are more poisoned.
The adder poisons you! The adder bites you.
* * * LOW HITPOINT WARNING * * *
Unknown command.
You hit the adder but do no damage.
The adder is severely wounded.
* * * LOW HITPOINT WARNING * * *
You feel sick. The adder bites you.
* * * LOW HITPOINT WARNING * * *
It was a potion of lignification.
You turn into a tree.
Your +0 robe melds into your body.
Your roots penetrate the ground.
The adder bites you.
You die...

#.#.#.#.####### #...# #######...
..#.#.#.......# #...# #.....##...
###.#.#.......# #...###.....##...
.##.#.#.......# #.....+..........
......#.......###...###.....##...
..............'..................
###.#.#.......##.....##.....#####
....#.#.########.................
###.#.#.########♣.....#..........
......#.......##.S....#..........
###.#########.#######.#.#...#####
............#.# #.#.#...#####
........###.#.#######.#.#...#....
......................#.#...###.#
#######...#.#.#########.#...# #.#
...................# #.#...# #..
#.###≈###.###.####.######...###..


You could see an adder.

Vanquished Creatures
  2 dart slugs (D:1)
  2 giant cockroaches (D:1)
  3 goblins (D:1)
  A hobgoblin (D:1)
  A jackal (D:1)
  A quokka (D:1)
  6 bats (D:1)
  4 frilled lizards (D:1)
  4 kobolds (D:1)
  5 rats (D:1)
29 creatures vanquished.

Notes
Turn   | Place    | Note
-------+----------+-------------------------------------------
     0 | D:1      | Asddderdsw the Demigod Earth Elementalist began the quest for the Orb.
     0 | D:1      | Reached XP level 1. HP: 14/14 MP: 5/5
   352 | D:1      | Reached XP level 2. HP: 20/20 MP: 7/7
   356 | D:1      | Learned a level 2 spell: Passwall
   604 | D:1      | Reached skill level 3 in Earth Magic
  1091 | D:1      | Reached XP level 3. HP: 18/27 MP: 8/8
  1096 | D:1      | Learned a level 3 spell: Stone Arrow
  1198 | D:1      | HP: 1/27 [adder (3)]
  1199 | D:1      | Slain by an adder

Vault maps used:
D:1:      erik_arrival_cave_to_civilisation,
          hangedman_abyss_or_decor_lesser_grid, grunt_decor_cap,
          minmay_split_cup_large

Skill      XL: |  1  2 |
---------------+-------+-----
Dodging        | 2 |  2.2
Stealth        | 2 |  2.1
Earth Magic    | 3 |  3.1
Spellcasting   | 2 |  2.0
Fighting       | |  0.5
Transmutations | |  0.8

Action                   || total
-------------------------++-------
Melee: Dagger            ||    40
       Whip              ||    32
 Cast: Sandblast         ||    11
       Stone Arrow       ||     2
  Use: Potion            ||     1
 Stab: Sleeping          ||     5
  Eat: Chunk             ||     1
Armor: Robe              ||    15
Dodge: Dodged            ||    67
